 Dungeon Crawl Stone Soup version 0.21-a0-228-g14ccbf3 (webtiles) character file.

553 Gorglomux the Magician (level 7, -17/48 HPs)
             Began as a Gnoll Transmuter on Aug 31, 2017.
             Demolished by a hornet (18 damage)
             ... while paralysed by a hornet
             ... on level 4 of the Dungeon.
             The game lasted 00:07:50 (4757 turns).

Gorglomux the Magician (Gnoll Transmuter)           Turns: 4757, Time: 00:07:51

Health: -17/48     AC:  2    Str:  7    XL:     7   Next: 29%
Magic:  12/17      EV:  2    Int:  7    God:
Gold:   186        SH:  0    Dex:  7    Spells: 9/20 levels left

rFire    . . .     SeeInvis .     - Unarmed
rCold    . . .     Gourm    .   (shield currently unavailable)
rNeg     . . .     Faith    .   b - +0 robe
rPois    .         Spirit   .   (no helmet)
rElec    .         Reflect  .   (no cloak)
rCorr    .         Harm     .   (gloves currently unavailable)
MR       .....                  (no boots)
Stlth    ++........             (no amulet)
HPRegen  0.16/turn              x - ring of stealth
MPRegen  0.15/turn              (no ring)

@: paralysed, lethally poisoned (-17 -> -25), blade hands, slowed
A: unchanging attributes, fangs 1, strong nose
a: End Transformation


You were on level 4 of the Dungeon.
You were hungry.
You had blades for hands.
You visited 1 branch of the dungeon, and saw 4 of its levels.

You collected 186 gold pieces.

Inventory:

Missiles
 a - 25 arrows
Armour
 b - a +0 robe (worn)
Jewellery
 x - a ring of stealth (left scythe-like blade)
Scrolls
 g - a scroll of immolation {unknown}
 y - 3 scrolls of identify {unknown}
 C - a scroll of teleportation {unknown}
 E - 2 scrolls of remove curse {unknown}
 F - a scroll of magic mapping {unknown}
 I - a scroll of noise {unknown}
 L - a scroll of enchant armour {unknown}
Potions
 h - 2 potions of lignification
 B - 3 potions of mutation {unknown}
 D - 2 potions of curing {unknown}
 J - 2 potions of brilliance {unknown}
 M - a potion of heal wounds {unknown}
Books
 c - a book of Changes

   Spells                             Type                      Level
   a - Beastly Appendage              Transmutation                1
   b - Sticks to Snakes               Transmutation                2
   c - Spider Form                    Transmutation/Poison         3
   d - Ice Form                       Ice/Transmutation            4
   e - Blade Hands                    Transmutation                5
 H - a book of Misfortune

   Spells                             Type                      Level
   a - Confusing Touch                Hexes                        1
   b - Confuse                        Hexes                        3
   c - Gell's Gravitas                Translocation                3
   d - Petrify                        Transmutation/Earth          4
   e - Metabolic Englaciation         Hexes/Ice                    5
   f - Yara's Violent Unravelling     Hexes/Transmutation          5
Comestibles
 d - 4 bread rations
 z - a meat ration
 A - 7 fruits


   Skills:
 - Level 1.3 Fighting
 - Level 2.6 Dodging
 - Level 4.0 Unarmed Combat
 + Level 7.1 Spellcasting
 + Level 7.1 Transmutations
 - Level 3.0 Poison Magic


You had 9 spell levels left.
You knew the following spells:

 Your Spells              Type           Power        Failure   Level  Hunger
a - Beastly Appendage     Tmut           ##....       17%         1    None
b - Sticks to Snakes      Tmut           ##......     21%         2    ##.....
c - Spider Form           Tmut/Pois      #.........   43%         3    ###....
d - Blade Hands           Tmut           ##........   75%         5    ######.


Dungeon Overview and Level Annotations

Branches:
Dungeon (4/15)
 Temple: D:4-7

Altars:
Gozag
Hepliaklqana


Innate Abilities, Weirdness & Mutations

Your physical attributes are unchanging.
You have very sharp teeth.
Your uncanny sense of smell can sniff out nearby items.


Message History

A hornet is nearby!!!
Unknown command!
Unknown command!
Casting: Spider Form
Confirm with ! or Enter, or press ? or * to list all butts!
The spell is very dangerous to cast!!!
Continue anyway?
Your hands turn into razor-sharp scythe blades!
You are feeling butt!
You shred the hornet!!! Your slash misses the hornet!
The hornet is moderately wounded!
The hornet stings you!!!
You are poisoned!
You feel yourself slow down! The hornet stings you!!!
You suddenly lose the ability to move!!!
You feel sick!
The hornet stings you!!! * * * don't die
* * * You feel as though you will be slow longer! * * * don't die
* * * You feel sick!
The hornet completely misses you! The hornet stings you!!!!!! rip

########################
.........#.............#
.........'.............#
.........#.............#
.........#.............#
.........#.............#
####
#..###..##.##...@####.##
#... #+####'#########y#
### #...
................... #...
................... #...
....................
#...
.[..................#
#...
########...##...#####
#... .......#...##...#
#... .......'........#
#...


You could see a hornet.

Vanquished Creatures
  A phantom (D:4)
  An ogre (D:4)
  2 orc wizards (D:3)
  An iguana (D:4)
  4 adders
  An ooze (D:2)
  4 worms
  5 dart slugs
  6 leopard geckos
  10 orcs
  6 giant cockroaches
  5 goblins
  7 hobgoblins
  2 jackals (D:4)
  9 kobolds
  A quokka (D:3)
  2 ball pythons (D:1)
  8 bats
  6 frilled lizards
  5 rats
86 creatures vanquished.

Vanquished Creatures (collateral kills)
  Sigmund (D:2)
  A bat (D:2)
2 creatures vanquished.

Grand Total: 88 creatures vanquished

Notes
Turn   | Place    | Note
-------+----------+-------------------------------------------
     0 | D:1      | Gorglomux the Gnoll Transmuter began the quest for the Orb.
     0 | D:1      | Reached XP level 1. HP: 15/15 MP: 4/4
   155 | D:1      | Reached skill level 3 in Transmutations
   388 | D:1      | Reached XP level 2. HP: 14/21 MP: 4/6
   392 | D:1      | Learned a level 2 spell: Sticks to Snakes
  1069 | D:1      | Reached XP level 3. HP: 25/26 MP: 6/8
  1132 | D:1      | Learned a level 3 spell: Spider Form
  1191 | D:1      | Reached skill level 1 in Poison Magic
  1710 | D:2      | Reached XP level 4. HP: 20/32 MP: 5/10
  1714 | D:2      | Reached skill level 3 in Poison Magic
  2357 | D:2      | Noticed Sigmund
  2378 | D:2      | Killed Sigmund
  2378 | D:2      | Reached XP level 5. HP: 24/37 MP: 7/12
  2392 | D:2      | Reached XP level 6. HP: 30/43 MP: 5/14
  2849 | D:2      | Found an opulent altar of Gozag.
  2987 | D:3      | Found a hazy altar of Hepliaklqana.
  3265 | D:3      | Reached skill level 6 in Spellcasting
  3777 | D:3      | Reached skill level 6 in Transmutations
  4185 | D:4      | Noticed a phantom
  4247 | D:3      | Learned a level 5 spell: Blade Hands
  4336 | D:4      | Killed a phantom
  4336 | D:4      | Reached XP level 7. HP: 43/48 MP: 5/17
  4751 | D:4      | Noticed a hornet
  4755 | D:4      | Paralysed by a hornet for 2 turns
  4756 | D:4      | HP: 2/48 [hornet (16)]
  4757 | D:4      | Demolished by a hornet

Vault maps used:
D:1:      minmay_arrival_jagged
D:2:      nicolae_gozag_cash_rules_everything_around_me, first_bread,
          uniq_sigmund
D:3:      overflow_temple_1_default, minivault_11

Skill      XL: |  1  2  3  4  5  6  7 |
---------------+----------------------+-----
Transmutations | 3 5 6 7 |  7.1
Spellcasting   | 4 5 6 7 |  7.1
Poison Magic   | 2 3 |  3.0
Fighting       | |  1.3
Dodging        | |  2.6
Unarmed Combat | |  4.0

Action                   |  1- 3 |  4- 6 |  7- 9 || total
-------------------------+-------+-------+-------++-------
Melee: Unarmed           |   135 |   144 |    11 ||   290
       Headbutt          |     3 |       |       ||     3
       Bite              |     2 |     3 |       ||     5
       Kick              |     4 |       |       ||     4
 Cast: Beastly Appendage |     8 |       |       ||     8
       Spider Form       |    15 |    28 |     2 ||    45
       Sticks to Snakes  |       |     1 |       ||     1
       Blade Hands       |       |     1 |     1 ||     2
  Use: Potion            |     1 |       |       ||     1
 Stab: Sleeping          |     3 |     4 |       ||     7
  Eat: Chunk             |     5 |    12 |     2 ||    19
Armor: Robe              |    18 |     1 |       ||    19
       Skin              |     9 |     3 |       ||    12
Dodge: Dodged            |    92 |   112 |     8 ||   212

Table legend:
 A = Spawn XP
 B = Non-spawn XP
 C = Spawn XP percentage of total XP
 D = Spawn monster count
 E = Non-spawn monster count
 F = Spawn count percentage of total count
 G = Total turns spent on level
                    A         B        C        D         E        F      G
               +---------+---------+-------+---------+---------+-------+---------
         Total |     161 |     630 |  20.4 |      15 |      73 |  17.0 |  4757
               +---------+---------+-------+---------+---------+-------+---------
           D:1 |       9 |      48 |  15.8 |       4 |      27 |  12.9 |  1502
           D:2 |      20 |     274 |   6.8 |       6 |      21 |  22.2 |  1474
           D:3 |       9 |     131 |   6.4 |       3 |      18 |  14.3 |  1177
           D:4 |     123 |     177 |  41.0 |       2 |       7 |  22.2 |   604
               +---------+---------+-------+---------+---------+-------+---------
